 Dungeon Crawl Stone Soup version 0.32-a0-705-g60f233581c (webtiles) character file.

Game seed: 17152684525192975266

85 mopl the Sneak (level 4, -2/21 HPs)
             Began as a Vine Stalker Enchanter on Mar 14, 2024.
             Slain by Grinder (6 damage)
             ... while paralysed by Grinder
             ... on level 3 of the Dungeon.
             The game lasted 00:02:06 (1333 turns).

mopl the Sneak (Vine Stalker Enchanter)             Turns: 1333, Time: 00:02:06

Health: -2/21      AC:  2    Str: 11    XL:     4   Next: 48%
Magic:  0/9        EV:  2    Int: 17    God:
Gold:   56         SH:  0    Dex: 14    Spells: 1/9 levels left

rFire   . . .        a - +1 dagger
rCold   . . .        (no shield)
rNeg    . . .        b - +0 robe
rPois   .            (no helmet)
rElec   .            (no cloak)
rCorr   .            (no gloves)
SInv    .            (no boots)
Will    .....        f - amulet of reflection
Stlth   +++          (no ring)
HPRegen 1.03/turn    (no ring)
MPRegen 0.11/turn

%: reflection, guardian spirit
@: paralysed, confusing by touch
A: fangs 2, regeneration 1, magic shield, antimagic bite, no potion heal 2
a: no special abilities


You were on level 3 of the Dungeon.
You visited 1 branch of the dungeon, and saw 3 of its levels.

You collected 56 gold pieces.

Inventory:

Hand Weapons
 a - a +1 dagger (weapon)
Missiles
 j - 4 boomerangs
 p - 4 datura-tipped darts
Armour
 b - a +0 robe (worn)
Jewellery
 f - an amulet of reflection (around neck)
 m - a +6 ring of strength
Scrolls
 d - a scroll of acquirement {unknown}
 e - 2 scrolls of teleportation {unknown}
 h - 3 scrolls of identify {unknown}
 k - a scroll of enchant armour {unknown}
 n - a scroll of vulnerability {unknown}
Potions
 c - 2 potions of invisibility
 g - a potion of enlightenment {unknown}
 i - 2 potions of brilliance {unknown}
 l - a potion of berserk rage {unknown}
 o - a potion of ambrosia {unknown}


   Skills:
 + Level 1.5 Short Blades
 - Level 1.5 Dodging
 * Level 4.7 Stealth
 * Level 3.1 Spellcasting
 * Level 3.6 Hexes


You had one spell level left.
You knew the following spells:

 Your Spells              Type           Power      Damage    Failure   Level
b - Ensorcelled Hibernat  Hex/Ice        16%        N/A       12%         2
c - Confusing Touch       Hex            15%        N/A       12%         3
d - Tukima's Dance        Hex            15%        N/A       12%         3

Your spell library contained the following spells:

 Spells                   Type           Power      Damage    Failure   Level
 Dazzling Flash           Conj/Hex       16%        N/A       24%         3
 Inner Flame              Hex/Fire       8%         N/A       24%         3
 Irradiate                Conj/Alch      1%         3d12      99%         5
 Malign Gateway           Summ/Tloc      1%         N/A       100%        7
 Ignition                 Fire           1%         3d3       100%        8
 Summon Horrible Things   Summ           1%         N/A       100%        8


Dungeon Overview and Level Annotations

Branches:
Dungeon (3/15)

Altars:

Annotations:
D:3 Grinder


Innate Abilities, Weirdness & Mutations

You have extremely sharp teeth.
Your natural rate of healing is unusually fast.
When hurt, damage is shared between your health and your magic reserves.
Your bite disrupts and absorbs the magic of your enemies.
Potions cannot restore your health.


Message History

Your hands begin to glow red.
Grinder blinks!
Unknown command.
Grinder hits you!
You writhe in agony.
You are too injured to fight recklessly!
You are too injured to fight recklessly!
You are too injured to fight recklessly!
You closely miss Grinder. Grinder gestures at you.
You suddenly lose the ability to move!
Grinder blinks!
You can move again.
Unknown command.
Unknown command.
Unknown command.
You block Grinder's attack.
You hit Grinder but do no damage. You barely miss Grinder.
Your hands stop glowing.
Grinder barely misses you.
You hit Grinder.
Grinder is lightly wounded.
Grinder hits you!
You writhe in agony.
You hit Grinder but do no damage.
Grinder is lightly wounded.
Grinder blinks!
Grinder blinks!
Casting: Confusing Touch (extremely dangerous; 12% risk of failure)
Confirm with . or Enter, or press ? or * to list all spells.
Your hands begin to glow red.
You barely miss Grinder.
Grinder is lightly wounded.
Grinder gestures at you.
You suddenly lose the ability to move!
Grinder hits you.
You writhe in agony.
Grinder hits you.
You writhe in agony.
Grinder hits you.
You writhe in agony.
* * * LOW HITPOINT WARNING * * *
Grinder hits you.
You die...
Grinder sighs, "Dead already?
I want a refund."

# ..... #.# # #..#
#.# ###..#######
#.# .....ยง.....#
##.#
..##.#####.##.##.#
..##.5........##.#
..########.#####.#
.## #.# #.# ...
#.#####@# ####
#.....5.#
#########


You could see Grinder.

Vanquished Creatures
  Jessica (D:2)
  3 adders (D:2)
  A ribbon worm (D:2)
  3 ball pythons
  2 bats (D:1)
  2 endoplasms (D:2)
  2 giant cockroaches
  3 goblins
  3 hobgoblins
  2 jackals (D:2)
  2 kobolds (D:2)
  2 quokkas
  A frilled lizard (D:2)
  3 rats
30 creatures vanquished.

Notes
Turn   | Place    | Note
-------+----------+-------------------------------------------
     0 | D:1      | mopl the Vine Stalker Enchanter began the quest for the
                  | Orb.
     0 | D:1      | Reached XP level 1. HP: 9/9 MP: 4/4
   149 | D:1      | Reached skill level 1 in Short Blades
   269 | D:1      | You fall into a shaft and drop 1 floor!
   309 | D:2      | Reached XP level 2. HP: 13/13 MP: 6/6
   312 | D:2      | Learned a level 2 spell: Ensorcelled Hibernation
   425 | D:1      | Found a faded altar of an unknown god.
   680 | D:2      | Reached skill level 4 in Stealth
   748 | D:2      | Reached XP level 3. HP: 16/16 MP: 7/7
   755 | D:2      | Learned a level 3 spell: Confusing Touch
   993 | D:2      | Reached XP level 4. HP: 21/21 MP: 9/9
   997 | D:2      | Learned a level 3 spell: Tukima's Dance
  1002 | D:2      | Noticed Jessica
  1013 | D:2      | Killed Jessica
  1014 | D:2      | Reached skill level 3 in Spellcasting
  1293 | D:3      | Noticed Grinder
  1299 | D:3      | Paralysed by Grinder for 5 turns
  1329 | D:3      | Paralysed by Grinder for 5 turns
  1333 | D:3      | Slain by Grinder

Illustrated notes

Levels and vault maps discovered:
D:1:      elethiomel_arrival_maze, layout_basic,
          shapermc_ecumenical_altar_starsandcircs
D:2:      layout_loops_ring, minmay_misc_feat_pillars, uniq_jessica
D:3:      layout_loops_ring, nicolae_ru_path_of_blood,
          nicolae_tso_swordbearing_angel, uniq_grinder

Skill      XL: |  1  2  3  4 |
---------------+-------------+-----
Short Blades   | 1 |  1.5
Stealth        | 4 |  4.7
Spellcasting   | 3 |  3.1
Dodging        | |  1.5
Hexes          | |  3.6

Action                     |  1- 3 |  4- 6 || total
---------------------------+-------+-------++-------
  Melee: Dagger            |    58 |    19 ||    77
         Bite              |    15 |     5 ||    20
   Cast: Ensorcelled Hiber |     6 |       ||     6
         Confusing Touch   |       |     2 ||     2
   Stab: Sleeping          |    11 |       ||    11
         Distracted        |     1 |       ||     1
 Armour: Robe              |    15 |    12 ||    27
  Dodge: Dodged            |    22 |     4 ||    26
  Block: Other             |     4 |     3 ||     7

Table legend: (Time is in decaauts)
 A = Elapsed time spent in this place.
 B = Non-inter-level travel time spent in this place.
 C = Inter-level travel time spent in this place.
 D = Time resting spent in this place.
 E = Time spent auto-exploring this place.
 F = Levels seen in this place.
 G = Mean time per level.
                   A        B        C        D        E       F      G
               +--------+--------+--------+--------+--------+-----+--------+
         Total |   1327 |   1280 |     47 |      0 |    999 |   3 |  442.3 |
       Dungeon |   1327 |   1280 |     47 |      0 |    999 |   3 |  442.3 |
               +--------+--------+--------+--------+--------+-----+--------+

Top non-repeatable levels by time:
     D:2: 651 daAuts
     D:1: 620 daAuts
     D:3: 56 daAuts
